 Dungeon Crawl Stone Soup version 0.29.1-2-gbd0b4ee654 (webtiles) character file.

Game seed: 897261367882896572

6 GorkyZ the Trooper (level 1, -2/18 HPs)
             Began as a Demonspawn Fighter on Nov 22, 2022.
             Succumbed to a kobold's poison
             ... on level 1 of the Dungeon.
             The game lasted 00:00:40 (210 turns).

GorkyZ the Trooper (Demonspawn Fighter)              Turns: 210, Time: 00:00:41

Health: -2/18      AC:  6    Str: 16    XL:     1   Next: 75%
Magic:  1/1        EV:  8    Int:  9    God:
Gold:   0          SH:  4    Dex: 12    Spells: 0/0 levels left

rFire   . . .      SeeInvis .   a - +0 war axe
rCold   . . .      Faith    .   c - +0 buckler
rNeg    . . .      Spirit   .   b - +0 scale mail
rPois   .          Reflect  .   (no helmet)
rElec   .          Harm     .   (no cloak)
rCorr   .          Rampage  .   (no gloves)
Will    .....                   (no boots)
Stlth   ..........              (no amulet)
HPRegen 0.06/turn               (no ring)
MPRegen 0.07/turn               (no ring)

@: lethally poisoned (-2 -> -14)
A: no striking features
a: no special abilities


You were on level 1 of the Dungeon.
You visited 1 branch of the dungeon, and saw 1 of its levels.

Inventory:

Hand Weapons
 a - a +0 war axe (weapon)
Armour
 b - a +0 scale mail (worn)
 c - a +0 buckler (worn)
Scrolls
 e - a scroll of enchant armour {unknown}
Potions
 d - a potion of might
 f - a potion of heal wounds {unknown}


   Skills:
 + Level 3.0 Fighting
 + Level 1.8 Axes
 + Level 0.1 Throwing
 + Level 2.7 Armour
 + Level 0.2 Dodging
 + Level 2.7 Shields
 + Level 0.3 Evocations


You couldn't memorise any spells.
You didn't know any spells.
Your spell library was empty.

Dungeon Overview and Level Annotations

Branches:
Dungeon (1/15)

Altars:


Message History

A ball python comes into view.
Found a stone and a scroll labelled COF OVECADDOI.
Found a stone staircase leading down.
The ball python hisses angrily.
The kobold throws a stone.
The stone barely misses you.
The kobold throws a stone.
The stone hits you but does no damage.
You barely miss the hobgoblin. The hobgoblin closely misses you.
The ball python barely misses you. x2
The kobold hits you with a +0 dagger of venom.
The hobgoblin hits you but does no damage.
You hit the kobold but do no damage. You hit the hobgoblin.
You kill the hobgoblin!
You closely miss the ball python. The ball python bites you.
You block the ball python's attack. The kobold barely misses you.
You closely miss the kobold. You closely miss the ball python.
You block the ball python's attack. The ball python grabs you.
The ball python constricts you.
The kobold hits you with a +0 dagger of venom.
You are poisoned.
The ball python bites you but does no damage.
The ball python constricts you.
The kobold hits you with a +0 dagger of venom.
You are more poisoned.
You are too injured to fight recklessly!
You are too injured to fight recklessly!
You are too injured to fight recklessly!
You are too injured to fight recklessly!
You are too injured to fight recklessly!
You are too injured to fight recklessly!
You are too injured to fight recklessly!
You are too injured to fight recklessly!
You are too injured to fight recklessly!
You slash the ball python!
You kill the ball python!
You barely miss the kobold.
* * * LOW HITPOINT WARNING * * *
You feel very sick. The kobold hits you but does no damage.
You completely miss the kobold.
You die...

.... #... .... #.. ....
#.. #.. #.. ###...#.#
##### .(....#.# #≈.§#
......K†# ### #≈>.#
.....#@##..#### #..≈#
......†...###.. #...#
.......###.#.######.≈.#
....... ##..# #<...####
....>.. #.#≈# #..≈.####
...?..# #..#.##.§##...#
....## ##.##.#..#.##.#
.... ###.#.###.##.≈#
#.#.#..###.#.≈


You could see a kobold.

Vanquished Creatures
  A worm (D:1)
  A ball python (D:1)
  A hobgoblin (D:1)
3 creatures vanquished.

Notes
Turn   | Place    | Note
-------+----------+-------------------------------------------
     0 | D:1      | GorkyZ the Demonspawn Fighter began the quest for the Orb.
     0 | D:1      | Reached XP level 1. HP: 18/18 MP: 1/1
   210 | D:1      | Succumbed to a kobold's poison

Illustrated notes

Levels and vault maps discovered:
D:1:      dpeg_arrival_brainrot, layout_basic, chequers_ecumenical_altar_simple

Action                   || total
-------------------------++-------
Melee: War axe           ||     9
Armor: Scale mail        ||     5
Dodge: Dodged            ||     6
Block: Buckler           ||     2
